Map: Ruins of Seras

Players

XANDER

  • Race: Terran Terran
  • League: Platinum

ImotoFantasy - Winner!

  • Race: Protoss Protoss
  • League: Platinum

VOD

Have the link to the VOD?

Description

Time

  • Played on: Oct. 30, 2015, 10:55 p.m.
  • Length: 18:18
Show
View Real Time Build Order
Export as new Build Order

XANDER Terran 

Build Orders: Reaper Expand 

Get SALT Encoding   

  12  0:01  SCV  
  13  0:13  SCV  
  14  0:19  Supply Depot  
  14  0:24  Refinery  
  14  0:29  SCV  
  15  0:41  SCV  
  16  0:48  Barracks  
  16  0:53  SCV  
  17  1:05  SCV  
  18  1:17  SCV  
  19  1:37  Command Center  
  19  1:39  Reaper  
  20  1:50  SCV  
  20  1:52  Refinery  
  21  2:02  Factory  
  21  2:18  Engineering Bay  
  21  2:19  SCV  
  21  2:21  Marine  
  23  2:48  SCV  
  24  3:11  Command Center  
  24  3:19  Starport  
  24  3:22  Missile Turret  
  24  3:31  Planetary Fortress  
  24  3:36  SCV  
  25  3:58  Starport Tech Lab  
  25  4:00  Widow Mine  
  27  4:14  SCV  
  28  4:21  Refinery  
  28  4:26  Refinery  
  28  4:28  Widow Mine  
  28  4:29  Missile Turret  
  30  4:39  SCV  
  30  4:42  Banshee  
  30  4:44  SCV  
  35  4:51  SCV  
  36  4:54  Planetary Fortress  
  36  4:57  SCV  
  37  5:00  Hi-Sec Auto Tracking  
  37  5:03  SCV  
  38  5:09  Starport  
  38  5:15  SCV  
  39  5:24  Starport  
  39  5:26  SCV  
  39  5:27  SCV  
  41  5:32  Raven  
  43  5:39  SCV  
  43  5:42  SCV  
  45  5:45  Refinery  
  45  5:47  Starport Tech Lab  
  45  5:51  SCV  
  45  5:54  SCV  
  47  5:57  Supply Depot  
  47  6:02  Starport Tech Lab  
  47  6:03  SCV  
  48  6:07  Raven  
  50  6:28  Raven  
  50  6:30  Explosive Shrapnel Shells  
  52  6:34  Starport  
  52  6:38  SCV  
  52  6:39  SCV  
  54  6:43  Refinery  
  54  6:50  Raven  
  54  6:51  SCV  
  57  6:59  SCV  
  57  7:01  Raven  
  60  7:03  SCV  
  61  7:15  Starport Tech Lab  
  61  7:19  Supply Depot  
  61  7:21  Supply Depot  
  61  7:39  Command Center  
  61  7:40  SCV, Raven  
  61  7:42  Raven  
  66  7:51  Raven  
  66  7:53  SCV  
  66  7:54  Raven  
  71  8:05  SCV  
  72  8:15  Supply Depot  
  72  8:17  SCV  
  72  8:18  Missile Turret  
  73  8:23  Raven  
  75  8:29  SCV  
  76  8:35  SCV  
  76  8:37  Command Center, Raven  
  80  8:41  SCV  
  80  8:42  Raven  
  82  8:53  Raven  
  84  9:07  Missile Turret x2  
  84  9:08  Starport  
  84  9:09  Refinery  
  83  9:19  Planetary Fortress  
  83  9:22  Raven  
  80  9:47  Planetary Fortress  
  74  10:06  SCV  
  68  10:17  Raven x3  
  68  10:18  SCV  
  71  10:23  Command Center  
  71  10:24  Command Center  
  68  10:30  SCV  
  68  10:34  SCV  
  69  10:42  SCV  
  70  10:43  SCV  
  70  10:46  SCV, Raven  
  70  10:49  Starport Tech Lab  
  74  10:54  SCV  
  75  10:58  SCV  
  76  11:04  Raven  
  76  11:06  SCV  
  76  11:10  SCV  
  80  11:17  Raven  
  80  11:18  Raven  
  84  11:19  SCV  
  84  11:22  SCV  
  87  11:29  Planetary Fortress  
  86  11:34  SCV  
  87  11:46  SCV  
  88  11:51  Missile Turret  
  88  11:52  Raven  
  90  11:59  SCV  
  91  12:13  SCV  
  91  12:14  Planetary Fortress  
  92  12:16  SCV  
  92  12:17  Refinery  
  92  12:20  Refinery  
  92  12:22  Building Armor  
  93  12:23  Raven  
  93  12:25  SCV  
  93  12:28  SCV  
  97  12:37  SCV  
  97  12:40  SCV  
  99  12:48  Raven x2  
  99  12:49  SCV  
  104  12:53  SCV x2  
  104  12:57  SCV  
  107  13:01  SCV  
  107  13:05  SCV x2  
  110  13:06  Refinery  
  110  13:07  SCV  
  110  13:09  SCV  
  110  13:11  Raven  
  114  13:13  SCV  
  114  13:17  SCV x2, Missile Turret  
  114  13:19  SCV  
  118  13:21  SCV  
  118  13:23  Supply Depot  
  118  13:25  SCV  
  120  13:29  Supply Depot, SCV x2  
  120  13:32  Refinery  
  122  13:45  SCV x3  
  122  13:47  Raven x2  
  129  13:53  SCV  
  130  13:57  SCV  
  130  14:06  SCV x2  
  127  14:16  Raven  
  127  14:17  Raven x2  
  129  14:18  SCV x2  
  135  14:29  Armory x2, Raven  
  135  14:30  SCV  
  138  14:31  Missile Turret  
  138  14:32  Missile Turret  
  138  14:46  Starport  
  138  14:49  Starport  
  138  14:52  Refinery  
  138  14:53  Starport  
  138  14:56  Refinery  
  138  15:07  Terran Infantry Weapons Level 1  
  138  15:21  Missile Turret  
  138  15:23  Missile Turret x3  
  138  15:27  SCV  
  138  15:32  Terran Vehicle And Ship Armor Level 1, Terran Ship Weapons Level 1  
  138  15:33  Starport Tech Lab  
  138  15:34  Starport Tech Lab  
  138  15:39  Starport Tech Lab  
  138  15:45  Supply Depot  
  138  15:47  Supply Depot  
  138  15:48  Supply Depot  
  134  15:50  Supply Depot, Liberator x2  
  138  15:52  Liberator  
  138  16:07  Raven  
  138  16:08  SCV x3, Reaper, Raven x2  
  138  16:09  Raven x2  
  161  16:21  SCV x3  
  164  16:32  Liberator x2  
  164  16:33  SCV  
  164  16:34  Liberator  
  165  16:41  Reaper  
  170  17:05  Supply Depot  
  170  17:06  Supply Depot x2, Missile Turret  
  170  17:07  Supply Depot  
  170  17:08  Missile Turret  
  170  17:09  Supply Depot, Missile Turret, Liberator  
  170  17:10  Missile Turret, Liberator  
  170  17:15  Liberator x2  
  170  17:26  Raven x2  
  170  17:27  Reaper, Raven, Missile Turret  
  170  17:28  Missile Turret  
  170  17:29  Supply Depot  
  183  17:30  Missile Turret  
  183  17:31  Supply Depot  
  183  17:32  Missile Turret  
  183  17:33  Raven  
Show
View Real Time Build Order
Export as new Build Order

ImotoFantasy Protoss - Winner!

Build Orders:  

Get SALT Encoding   

  12  0:01  Probe (Chrono Boost)  
  13  0:12  Probe (Chrono Boost)  
  14  0:19  Pylon  
  14  0:22  Probe (Chrono Boost)  
  15  0:38  Probe (Chrono Boost)  
  15  0:40  Gateway  
  16  0:48  Probe (Chrono Boost)  
  16  0:49  Assimilator  
  17  0:59  Probe (Chrono Boost)  
  18  1:11  Probe (Chrono Boost)  
  19  1:22  Probe (Chrono Boost)  
  20  1:27  Cybernetics Core  
  21  1:32  Probe (Chrono Boost)  
  21  1:43  Probe (Chrono Boost)  
  21  1:47  Nexus  
  22  1:54  Probe (Chrono Boost)  
  23  1:57  Assimilator  
  23  2:07  Warp Gate (Chrono Boost)  
  23  2:10  Pylon  
  23  2:34  Mothership Core (Chrono Boost)  
  23  2:35  Pylon  
  24  3:04  Probe (Chrono Boost)  
  25  3:07  Probe (Chrono Boost)  
  26  3:16  Stalker  
  26  3:17  Probe x2 (Chrono Boost)  
  30  3:20  Robotics Facility  
  30  3:26  Probe  
  30  3:28  Probe  
  30  3:29  Gateway  
  32  3:36  Pylon  
  32  3:37  Probe  
  32  3:40  Probe  
  34  3:47  Probe  
  34  3:57  Probe  
  34  3:58  Probe  
  36  4:07  Immortal (Chrono Boost)  
  36  4:08  Probe  
  36  4:09  Probe  
  41  4:14  Stalker  
  44  4:19  Probe  
  44  4:21  Probe  
  46  4:29  Probe  
  45  4:43  Probe  
  45  4:44  Probe  
  51  4:48  Nexus, Observer (Chrono Boost)  
  48  4:54  Probe  
  48  4:56  Probe  
  50  5:00  Forge  
  50  5:03  Pylon  
  50  5:05  Probe  
  50  5:06  Pylon  
  51  5:08  Probe, Observer (Chrono Boost)  
  53  5:14  Assimilator  
  53  5:16  Assimilator  
  53  5:17  Sentry  
  53  5:19  Protoss Ground Weapons Level 1 (Chrono Boost)  
  53  5:20  Probe  
  53  5:21  Zealot  
  57  5:22  Probe  
  57  5:28  Gateway  
  59  5:30  Gateway  
  59  5:33  Gateway  
  59  5:34  Twilight Council  
  59  5:41  Immortal (Chrono Boost)  
  63  5:45  Probe x2  
  65  5:58  Stalker, Pylon  
  65  5:59  Stalker  
  65  6:02  Pylon  
  69  6:04  Probe  
  69  6:05  Probe  
  69  6:06  Probe  
  67  6:20  Pylon  
  67  6:22  Immortal (Chrono Boost)  
  71  6:27  Stalker x2  
  71  6:29  Blink (Chrono Boost)  
  75  6:38  Photon Cannon  
  75  6:41  Probe x2  
  75  6:42  Photon Cannon  
  77  6:47  Photon Cannon  
  77  6:50  Probe  
  78  6:57  Observer  
  79  7:02  Probe x2  
  79  7:05  Pylon  
  81  7:10  Pylon  
  81  7:14  Probe x2, Immortal  
  83  7:16  Probe  
  88  7:28  Probe x2  
  90  7:30  Probe  
  90  7:32  Zealot x2  
  90  7:33  Zealot x2  
  90  7:34  Zealot  
  101  7:47  Robotics Bay  
  101  7:51  Immortal, Pylon  
  101  7:54  Assimilator  
  101  7:56  Assimilator  
  105  8:08  Stalker x4  
  105  8:09  Stalker  
  115  8:22  Gateway  
  115  8:25  Gateway  
  115  8:26  Gateway  
  115  8:27  Pylon  
  115  8:37  Templar Archives  
  115  8:40  Disruptor  
  115  8:41  Stargate  
  118  9:14  Disruptor  
  118  9:15  Protoss Ground Weapons Level 2, Charge (Chrono Boost)  
  121  9:29  Nexus  
  115  9:36  Nexus  
  105  9:45  Zealot x3  
  103  9:46  Zealot x2  
  103  9:47  Protoss Air Weapons Level 1 (Chrono Boost)  
  109  9:52  Fleet Beacon  
  83  10:41  Pylon  
  79  10:44  Pylon  
  79  10:45  Pylon  
  79  10:47  Assimilator  
  79  10:48  Carrier (Chrono Boost)  
  79  10:49  Pylon  
  85  10:51  Graviton Catapult, Assimilator  
  85  10:52  Assimilator  
  85  10:56  Stargate  
  85  10:57  Assimilator  
  85  11:00  Stargate  
  85  11:03  Probe, Stargate  
  85  11:05  Probe  
  85  11:06  Stargate  
  85  11:09  Photon Cannon  
  87  11:11  Photon Cannon  
  87  11:14  Probe  
  87  11:16  Probe  
  89  11:24  Probe  
  89  11:27  Probe  
  91  11:35  Probe  
  91  11:37  Probe  
  93  11:45  Probe, Carrier (Chrono Boost)  
  99  11:48  Probe  
  99  11:52  Protoss Air Weapons Level 2  
  98  12:08  Carrier x3 (Chrono Boost)  
  114  12:12  Protoss Shields Level 1  
  118  12:19  Carrier (Chrono Boost)  
  112  12:24  Pylon  
  112  12:25  Probe  
  112  12:27  Probe  
  112  12:37  Probe  
  112  12:39  Probe  
  112  12:49  Probe  
  113  12:51  Probe  
  114  13:01  Probe, Carrier (Chrono Boost)  
  114  13:04  Probe  
  122  13:13  Probe  
  122  13:16  Probe  
  124  13:24  Carrier x2 (Chrono Boost)  
  124  13:25  Carrier (Chrono Boost)  
  142  13:31  Nexus  
  148  13:44  Carrier (Chrono Boost)  
  148  13:55  Pylon  
  148  13:59  Pylon  
  148  14:02  Assimilator  
  148  14:05  Assimilator  
  148  14:07  Protoss Air Weapons Level 3  
  148  14:15  Carrier (Chrono Boost)  
  151  14:29  Protoss Shields Level 2  
  151  14:37  Carrier x2 (Chrono Boost)  
  151  14:38  Photon Cannon  
  163  14:41  Photon Cannon  
  163  14:44  Photon Cannon  
  163  14:49  Carrier (Chrono Boost)  
  169  14:58  Carrier (Chrono Boost)  
  175  15:31  Carrier (Chrono Boost)  
  175  15:35  Nexus  
  181  15:36  Pylon  
  181  15:39  Observer  
  181  15:41  Pylon  
  182  15:43  Pylon  
  182  15:53  Carrier x2 (Chrono Boost)  
  194  16:05  Stargate, Carrier (Chrono Boost)  
  194  16:06  Stargate  
Tags
 
Add a new tag
Caveats
  • Supply blocks, unpowered buildings, or Contaminate may cause inaccurate times.
  • Supply counts are checked every 10 seconds.